 Dungeon Crawl Stone Soup version 0.29-a0-320-g9f8742066b (webtiles) character file.

Game seed: 7560999556024001803

54 sammy202020 the Skirmisher (level 3, -1/29 HPs)
             Began as a Demonspawn Berserker on Apr 2, 2022.
             Was a Follower of Trog.
             Slain by a gnoll
             ... wielding a +0 spear
              (4 damage)
             ... on level 2 of the Dungeon.
             The game lasted 00:02:53 (1478 turns).

sammy202020 the Skirmisher (Demonspawn Berserker)   Turns: 1478, Time: 00:02:53

Health: -1/29      AC:  2    Str: 17    XL:     3   Next: 66%
Magic:  3/3        EV: 12    Int: 10    God:    Trog [*.....]
Gold:   73         SH:  0    Dex: 12    Spells: 2/2 levels left

rFire   . . .      SeeInvis .   a - +0 hand axe
rCold   . . .      Faith    .   (no shield)
rNeg    . . .      Spirit   .   b - +0 animal skin
rPois   .          Reflect  .   (helmet restricted)
rElec   .          Harm     .   (no cloak)
rCorr   .          Rampage  .   (no gloves)
Will    .....                   (no boots)
Stlth   +.........              (no amulet)
HPRegen 0.09/turn               (no ring)
MPRegen 0.08/turn               (no ring)

@: no status effects
A: demonic touch 1, antennae 1, hooves 1
a: Renounce Religion, Berserk


You were on level 2 of the Dungeon.
You worshipped Trog.
Trog was aware of your devotion.
You visited 1 branch of the dungeon, and saw 2 of its levels.

You collected 73 gold pieces.

Inventory:

Hand Weapons
 a - a +0 hand axe (weapon)
Missiles
 m - 6 javelins (quivered)
Armour
 b - a +0 animal skin (worn)
Scrolls
 c - 3 scrolls of identify
 f - a scroll of blinking {unknown}
 h - a scroll of magic mapping {unknown}
 k - a scroll of teleportation {unknown}
 l - a scroll of enchant armour {unknown}
Potions
 d - a potion of mutation
 e - 2 potions of curing {unknown}
 g - 2 potions of invisibility {unknown}
 i - a potion of cancellation {unknown}
 j - 2 potions of haste {unknown}


   Skills:
 * Level 3.5 Fighting
 * Level 3.2 Axes
 + Level 2.1 Armour
 + Level 2.1 Dodging
 * Level 0.9 Unarmed Combat


You had 2 spell levels left.
You didn't know any spells.
Your spell library was empty.

Dungeon Overview and Level Annotations

Branches:
Dungeon (2/15)

Altars:


Innate Abilities, Weirdness & Mutations

Your touch may inflict minor irresistible damage on your foes.
You have a pair of small antennae on your head.
You have large cloven feet.


Message History

You barely miss the gnoll. The gnoll barely misses you.
You hit the gnoll but do no damage.
You touch the gnoll.
The gnoll is heavily wounded.
You hit the gnoll. The gnoll barely misses you. The gnoll closely misses you.
The gnoll barely misses you.
You slash the gnoll!
You kill the gnoll!
Trog accepts your kill.
You hit the gnoll but do no damage. The gnoll barely misses you. x2
Your life force feels restored.
You closely miss the gnoll.
The gnoll is lightly wounded.
You hit the rat.
The gnoll barely misses you. x2; The rat bites you.
The gnoll hits you with a +0 spear! The rat barely misses you.
The gnoll hits you from afar with a +0 spear.
You closely miss the rat.
You touch the rat.
You kill the rat!
Trog accepts your kill.
You hit the gnoll. The gnoll hits you but does no damage.
The gnoll barely misses you.
You slash the gnoll! You kick the gnoll.
You kill the gnoll!
Trog accepts your kill.
The gnoll hits you from afar with a +0 spear.
You are too injured to fight recklessly!
You are too injured to fight recklessly!
You are too injured to fight recklessly!
You are too injured to fight recklessly!
You are too injured to fight recklessly!
You are too injured to fight recklessly!
You are too injured to fight recklessly!
You are too injured to fight recklessly!
Unknown command.
You are too injured to fight recklessly!
The gnoll hits you with a +0 spear!
* * * LOW HITPOINT WARNING * * *
You barely miss the gnoll. You kick the gnoll.
The gnoll is lightly wounded.
The gnoll hits you with a +0 spear.
You die...

................##.#.<...#
..........##.##..........#
..†.............##.#.....#
#....#####.#.).....#.....#
#....# #.#.##.##########
#....# #.#.##.# #....#
.#†##.# #....#
##.#.##)######## .....#
#.......@g.....# ##.....
#.##.#.#)....#.# ######.#
#..#........# #
#.###........ ....
........# .#. #.....#.# #
.. ........# .. ########


You could see a gnoll.

Vanquished Creatures
  2 gnolls (D:2)
  An adder (D:2)
  3 endoplasms
  2 hobgoblins (D:1)
  5 kobolds (D:1)
  2 quokkas (D:2)
  3 ball pythons (D:1)
  4 bats
  A frilled lizard (D:1)
  A goblin (D:2)
  4 rats
28 creatures vanquished.

Notes
Turn   | Place    | Note
-------+----------+-------------------------------------------
     0 | D:1      | sammy202020 the Demonspawn Berserker began the quest for
                  | the Orb.
     0 | D:1      | Reached XP level 1. HP: 18/18 MP: 1/1
   570 | D:1      | Gained mutation: Your touch may inflict minor irresistible
                  | damage on your foes. [demonic ancestry]
   570 | D:1      | Reached XP level 2. HP: 20/24 MP: 2/2
   719 | D:1      | Found a faded altar of an unknown god.
  1158 | D:1      | Gained mutation: You have large cloven feet. [potion of
                  | mutation]
  1158 | D:1      | Gained mutation: You have a pair of small antennae on your
                  | head. [potion of mutation]
  1182 | D:2      | Reached XP level 3. HP: 26/29 MP: 3/3
  1478 | D:2      | Slain by a gnoll

Illustrated notes

Levels and vault maps discovered:
D:1:      heliophobic_arrival_henge, layout_basic,
          shapermc_ecumenical_altar_petra
D:2:      layout_loops_cross

Skill      XL: |  1  2 |
---------------+-------+-----
Armour         | 2 |  2.1
Axes           | 3 |  3.2
Dodging        | 2 |  2.1
Fighting       | |  3.5
Unarmed Combat | |  0.9

Action                   || total
-------------------------++-------
Melee: Hand axe          ||    67
       Touch             ||     4
       Kick              ||     5
       Punch             ||     1
  Use: Scroll            ||     1
       Potion            ||     1
 Stab: Sleeping          ||     4
Armor: Animal skin       ||    12
Dodge: Dodged            ||    49

Table legend: (Time is in decaauts)
 A = Elapsed time spent in this place.
 B = Non-inter-level travel time spent in this place.
 C = Inter-level travel time spent in this place.
 D = Time resting spent in this place.
 E = Time spent auto-exploring this place.
 F = Levels seen in this place.
 G = Mean time per level.
                   A        B        C        D        E       F      G
               +--------+--------+--------+--------+--------+-----+--------+
         Total |   1488 |   1467 |     21 |      0 |   1264 |   2 |  744.0 |
       Dungeon |   1488 |   1467 |     21 |      0 |   1264 |   2 |  744.0 |
               +--------+--------+--------+--------+--------+-----+--------+

Top non-repeatable levels by time:
     D:1: 1169 daAuts
     D:2: 319 daAuts
